AoeStats
← Olainas

Black Forest

504530431Analyzed
4v4 RM · 25d ago on Sep 5, 2026· 111m 49s· 8 players
Game mode
Random Map
Map size
Large (8 player)
Population
200
Speed
Normal
Resources
Standard
Victory
Conquest
Starting age
Dark Age
Ending age
Imperial Age
RankedLock teamsTeams togetherTeam positionsShared explorationLock speedFull tech treeHidden civsTurbo modeCheats
Victory
Defeat
🇦🇷 Turks · Argentina
907
+13
🇪🇸 Slavs · Spain
830
+16
🇵🇪 Byzantines · Peru
815
+17
🇹🇷 Huns · Türkiye
759
+19
🇺🇸 Turks · United States
920
-20
🇿🇦 Tupi · South Africa
884
-18
🇮🇳 Jurchens · India
827
-16
🇺🇸 Portuguese · United States
698
-11
palanquino
14:26 Feudal Age
15:46 Wheelbarrow
14:54 Horse Collar
15:03 Double-Bit Axe
20:15 Castle Age
19:05 Gold Mining
21:13 Hand Cart
21:01 Heavy Plow
20:45 Fishing Lines
21:18 Bow Saw
23:15 Stone Mining
29:28 Imperial Age
27:52 Husbandry
29:04 Gold Shaft Mining
28:56 Detinets
29:54 Caravan
31:09 Crop Rotation
31:43 Two-Man Saw
33:07 Conscription
32:14 Onager
33:55 Bloodlines
34:16 Town Watch
34:27 Gillnets
37:13 Elite Boyar
37:58 Light Cavalry
38:46 Scale Barding Armor
38:51 Forging
40:14 Town Patrol
41:27 Iron Casting
43:17 Blast Furnace
41:44 Hussar
43:30 Chain Barding Armor
43:27 Druzhina
47:12 Squires
46:53 Pikeman
48:32 Plate Barding Armor
48:20 Ballistics
48:26 Halberdier
48:50 Man-at-Arms
50:46 Long Swordsman
55:26 Scale Mail Armor
54:53 Two-Handed Swordsman
57:05 Chain Mail Armor
58:38 Chemistry
57:34 Murder Holes
59:53 Hoardings
59:47 Fletching
60:08 Siege Engineers
60:14 Masonry
61:44 Siege Onager
67:01 Careening
67:02 Fortified Wall
67:47 Bodkin Arrow
68:32 Champion
70:29 Elite Skirmisher
73:28 Padded Archer Armor
73:58 Plate Mail Armor
88:25 Heavy Scorpion
108:36 Leather Archer Armor
Yggdrasil
0:36 Loom
11:39 Feudal Age
14:56 Fishing Lines
15:13 Double-Bit Axe
17:36 Wheelbarrow
20:52 Castle Age
21:38 Gillnets
22:13 Horse Collar
23:00 Heavy Plow
22:56 Gold Mining
25:08 Bow Saw
25:44 Treadmill Crane
27:03 Gold Shaft Mining
26:48 Hand Cart
26:51 Fortified Wall
26:41 Stone Mining
27:04 Caravan
28:21 Stone Shaft Mining
32:17 Imperial Age
31:14 Gambesons
31:31 Squires
31:44 Forging
31:25 Fletching
31:38 Scale Mail Armor
31:40 Padded Archer Armor
31:51 Pikeman
33:21 Iron Casting
34:20 Chemistry
33:40 Ballistics
33:44 Conscription
33:09 Halberdier
35:02 Crop Rotation
35:39 Two-Man Saw
35:41 Hoardings
36:18 Bodkin Arrow
36:39 Chain Mail Armor
36:40 Leather Archer Armor
36:31 Scale Barding Armor
37:14 Logistica
37:08 Murder Holes
37:39 Husbandry
37:01 Heavy Camel Rider
37:04 Light Cavalry
39:02 Bracer
39:34 Plate Mail Armor
39:34 Ring Archer Armor
39:18 Thumb Ring
38:39 Elite Skirmisher
38:43 Hussar
39:12 Arson
40:34 Onager
40:50 Crossbowman
40:52 Heavy Cavalry Archer
41:27 Guard Tower
41:56 Man-at-Arms
42:04 Elite Cataphract
42:39 Heavy Camel Rider
45:28 Chain Barding Armor
48:10 Arbalester
56:42 Plate Barding Armor
55:29 Long Swordsman
82:56 Cavalier
95:07 Guilds
95:59 Cavalier
99:00 Paladin
108:51 Spies/Treason
Olainas
0:26 Loom
10:51 Feudal Age
9:26 Loom
11:24 Double-Bit Axe
13:21 Horse Collar
20:33 Castle Age
19:44 Bloodlines
19:35 Gold Mining
19:35 Stone Mining
20:39 Forging
21:11 Scale Barding Armor
21:52 Bow Saw
21:45 Heavy Plow
22:09 Fletching
23:41 Wheelbarrow
24:55 Hand Cart
24:54 Town Watch
26:03 Town Patrol
30:40 Imperial Age
28:57 Fervor
30:24 Gold Shaft Mining
30:41 Bodkin Arrow
31:47 Conscription
32:20 Guilds
32:31 Bracer
32:37 Husbandry
33:16 Sanctity
32:48 Treadmill Crane
33:52 Thumb Ring
35:29 Elite Janissary
36:38 Padded Archer Armor
39:08 Hoardings
39:01 Scale Mail Armor
39:37 Iron Casting
39:53 Leather Archer Armor
40:16 Iron Casting
41:07 Heavy Camel Rider
43:36 Two-Man Saw
44:11 Blast Furnace
43:32 Chain Barding Armor
43:47 Ring Archer Armor
44:17 Blast Furnace
43:51 Ring Archer Armor
44:29 Caravan
44:48 Redemption
45:01 Chain Barding Armor
45:55 Ballistics
45:50 Masonry
45:05 Cavalier
45:48 Squires
45:09 Man-at-Arms
46:05 Long Swordsman
47:06 Chain Mail Armor
47:40 Sipahi
46:46 Two-Handed Swordsman
48:00 Artillery
48:46 Plate Mail Armor
48:51 Plate Barding Armor
48:06 Sappers
49:04 Arson
48:43 Heavy Cavalry Archer
49:48 Parthian Tactics
48:45 Crossbowman
54:02 Champion
57:37 Atonement
59:35 Coinage
64:54 Heavy Scorpion
71:31 Theocracy
71:30 Banking
71:03 Murder Holes
BraniacTr
0:33 Loom
11:36 Feudal Age
16:54 Wheelbarrow
16:09 Double-Bit Axe
21:56 Fishing Lines
23:13 Gold Mining
23:14 Stone Mining
30:17 Castle Age
29:10 Horse Collar
32:09 Heavy Plow
32:50 Bow Saw
33:34 Hand Cart
34:07 Gold Shaft Mining
33:57 Caravan
34:29 Coinage
38:09 Imperial Age
38:49 Murder Holes
39:04 Masonry
39:42 Gillnets
40:49 Banking
40:30 Guilds
41:32 Ballistics
44:06 Two-Man Saw
44:59 Scale Barding Armor
45:04 Forging
44:51 Cavalier
45:31 Husbandry
45:42 Bloodlines
44:52 Light Cavalry
48:52 Paladin
48:52 Hussar
49:54 Atheism
49:55 Conscription
51:02 Chain Barding Armor
51:18 Iron Casting
50:54 Scale Mail Armor
52:20 Plate Barding Armor
54:32 Chain Mail Armor
55:17 Blast Furnace
54:18 Padded Archer Armor
54:08 Fletching
58:36 Pikeman
59:01 Arson
59:18 Squires
59:35 Leather Archer Armor
59:16 Bodkin Arrow
61:39 Bracer
62:49 Chemistry
61:56 Capped Ram
74:01 Siege Ram
92:18 Sappers
92:48 Marauders
92:10 Elite Tarkan
CEO of Office
8:31 Loom
17:13 Feudal Age
18:22 Arson
22:42 Castle Age
20:36 Double-Bit Axe
21:20 Bloodlines
21:50 Horse Collar
26:05 Wheelbarrow
26:43 Heavy Plow
29:44 Hand Cart
32:07 Ballistics
34:53 Imperial Age
35:07 Town Watch
36:27 Bombard Tower
36:44 Town Patrol
37:58 Padded Archer Armor
37:48 Fletching
37:50 Treadmill Crane
38:21 Masonry
38:52 Artillery
38:14 Elite Janissary
40:54 Husbandry
40:52 Bodkin Arrow
47:51 Bracer
48:07 Leather Archer Armor
47:58 Scale Barding Armor
47:53 Scale Mail Armor
50:23 Chain Barding Armor
50:34 Ring Archer Armor
56:16 Plate Barding Armor
55:56 Chain Mail Armor
55:57 Forging
60:05 Caravan
66:47 Heavy Camel Rider
69:11 Iron Casting
75:35 Blast Furnace
77:37 Conscription
83:58 Fortified Wall
FluxyAshYT
13:18 Feudal Age
14:45 Double-Bit Axe
18:49 Castle Age
20:14 Horse Collar
22:29 Caravan
22:46 Fishing Lines
23:32 Gold Mining
23:42 Fletching
23:53 Padded Archer Armor
24:47 Stone Mining
25:30 Forging
25:32 Heavy Plow
27:13 Town Watch
28:06 Wheelbarrow
31:24 Imperial Age
29:34 Gillnets
30:11 Hand Cart
31:24 Pikeman
32:07 Squires
33:39 Chemistry
34:05 Capped Ram
35:08 Scale Mail Armor
35:15 Scale Barding Armor
35:10 Siege Ram
36:20 Elite Skirmisher
37:34 Bow Saw
37:57 Ballistics
38:37 Light Cavalry
39:31 Bloodlines
39:22 Husbandry
39:39 Heavy Rocket Cart
41:18 Gold Shaft Mining
41:21 Bodkin Arrow
41:42 Leather Archer Armor
40:55 Hussar
46:20 Ring Archer Armor
45:51 Bracer
49:09 Chain Barding Armor
49:25 Iron Casting
49:48 Thunderclap Bombs
54:02 Fortified Bastions
57:07 Blast Furnace
58:02 Murder Holes
57:48 Treadmill Crane
73:09 Man-at-Arms
Zafar
0:45 Loom
11:11 Feudal Age
11:55 Double-Bit Axe
16:14 Horse Collar
21:34 Castle Age
20:34 Gold Mining
20:38 Stone Mining
22:46 Bow Saw
22:43 Heavy Plow
24:12 Padded Archer Armor
24:05 Fletching
24:37 Caravan
25:40 Wheelbarrow
26:30 Town Watch
27:58 Fishing Lines
28:59 Squires
28:19 Pikeman
29:20 Leather Archer Armor
29:24 Gillnets
31:40 Elite Skirmisher
31:41 Crossbowman
32:19 Bodkin Arrow
35:27 Imperial Age
33:17 Hand Cart
33:12 Town Patrol
35:55 Gold Shaft Mining
35:09 Arson
35:50 Forging
35:41 Scale Mail Armor
36:35 Conscription
36:21 Curare
38:07 Chemistry
37:27 Ballistics
37:04 Murder Holes
37:42 Ring Archer Armor
37:12 Bracer
37:25 Elite Blackwood Archer
38:41 Hoardings
41:04 Two-Man Saw
39:29 Halberdier
40:39 Chain Mail Armor
40:59 Iron Casting
40:06 Heavy Scorpion
40:10 Capped Ram
40:57 Onager
42:32 Siege Ram
44:01 Champi Runner
44:03 Elite Ibirapema Warrior
46:00 Arrowslits
46:51 Plate Mail Armor
55:56 Arbalester
58:21 Treadmill Crane
75:19 Champi Warrior
76:15 Redemption
99:45 Elite Champi Warrior
bda5342
14:52 Feudal Age
20:15 Castle Age
22:22 Horse Collar
24:48 Wheelbarrow
24:17 Heavy Plow
24:05 Double-Bit Axe
25:00 Bow Saw
27:47 Gold Mining
27:48 Stone Mining
30:16 Hand Cart
31:48 Town Watch
32:29 Town Patrol
36:23 Imperial Age
34:51 Stone Shaft Mining
38:19 Chemistry
37:42 Caravan
38:21 Murder Holes
38:07 Treadmill Crane
39:02 Ballistics
38:51 Siege Engineers
39:50 Crop Rotation
40:25 Two-Man Saw
39:16 Gambesons
39:17 Arson
39:59 Conscription
39:40 Arquebus
39:21 Elite Organ Gun
40:58 Cavalier
41:02 Pikeman
43:31 Forging
43:21 Scale Mail Armor
43:13 Fletching
43:23 Padded Archer Armor
45:32 Bloodlines
45:22 Husbandry
46:00 Iron Casting
45:41 Chain Mail Armor
45:31 Scale Barding Armor
45:23 Bodkin Arrow
45:43 Leather Archer Armor
49:31 Chain Barding Armor
49:42 Plate Mail Armor
50:13 Blast Furnace
49:44 Ring Archer Armor
70:47 Fervor
75:46 Plate Barding Armor
75:12 Bracer
Connection lost

Rejoining the realm…

Still unreachable

The connection could not be restored.

Session expired

The server has moved on; the page needs a fresh start.